AoeStats
← Wimdit

Arena

509088967Analyzed
1v1 RM · 6d ago on Sep 25, 2026· 139m 37s· 2 players
Game mode
Random Map
Map size
Tiny (2 player)
Population
200
Speed
Normal
Resources
Standard
Victory
Conquest
Starting age
Dark Age
Ending age
Imperial Age
RankedLock teamsTeams togetherTeam positionsShared explorationLock speedFull tech treeHidden civsTurbo modeCheats
Victory
Defeat
🇦🇺 Burgundians · Australia
1223
+20
🇪🇸 Teutons · Spain
1312
-20
eNZo STaR
9:54 Feudal Age
13:37 Castle Age
12:34 Double-Bit Axe
18:47 Loom
20:10 Town Watch
28:05 Imperial Age
26:20 Scale Mail Armor
25:57 Pikeman
27:17 Chain Mail Armor
28:42 Wheelbarrow
28:08 Town Patrol
28:09 Fletching
28:29 Forging
29:18 Plate Mail Armor
29:56 Chemistry
28:44 Man-at-Arms
30:30 Crenellations
30:49 Squires
31:16 Bodkin Arrow
31:32 Forging
32:57 Padded Archer Armor
33:10 Scale Barding Armor
33:40 Iron Casting
34:57 Chain Barding Armor
33:59 Cavalier
34:49 Bloodlines
34:37 Halberdier
36:28 Conscription
36:35 Leather Archer Armor
37:23 Plate Barding Armor
38:03 Blast Furnace
37:06 Elite Skirmisher
38:18 Paladin
40:48 Ring Archer Armor
41:17 Horse Collar
45:23 Heavy Plow
51:20 Ballistics
51:17 Arson
53:33 Long Swordsman
53:59 Gambesons
55:11 Two-Handed Swordsman
56:24 Bow Saw
56:13 Champion
56:35 Capped Ram
67:19 Hand Cart
69:05 Crop Rotation
77:12 Masonry
93:53 Two-Man Saw
Wimdit
7:00 Double-Bit Axe
11:13 Feudal Age
14:49 Castle Age
12:33 Horse Collar
17:28 Bow Saw
17:20 Light Cavalry
20:05 Gold Mining
21:41 Wheelbarrow
22:55 Heavy Plow
24:01 Two-Man Saw
25:40 Hand Cart
28:06 Imperial Age
25:43 Loom
28:32 Gold Shaft Mining
27:51 Stone Mining
28:43 Scale Barding Armor
28:49 Forging
28:40 Padded Archer Armor
29:51 Chemistry
29:58 Chain Barding Armor
29:48 Husbandry
29:11 Hussar
30:38 Crop Rotation
31:27 Iron Casting
33:48 Plate Barding Armor
34:31 Blast Furnace
35:34 Stone Shaft Mining
35:13 Masonry
35:29 Ballistics
36:27 Conscription
37:06 Leather Archer Armor
36:42 Fletching
37:19 Burgundian Vineyards
39:23 Pikeman
41:07 Bodkin Arrow
41:10 Halberdier
41:52 Squires
41:42 Cavalier
42:41 Arson
43:07 Scale Mail Armor
43:08 Bracer
46:46 Capped Ram
48:51 Chain Mail Armor
61:08 Plate Mail Armor
62:32 Hoardings
67:33 Paladin
79:10 Elite Skirmisher
84:05 Arson
102:58 Bombard Tower
103:58 Sappers
106:39 Architecture
108:52 Redemption
108:59 Block Printing
Connection lost

Rejoining the realm…

Still unreachable

The connection could not be restored.

Session expired

The server has moved on; the page needs a fresh start.